[Event "*** Titled Tuesday Blitz"]
[Site "Chess.com"]
[Date "2020.05.19"]
[Round "4"]
[White "cfjohansson"]
[Black "chesslh19"]
[Result "1-0"]
[WhiteElo "2421"]
[BlackElo "2179"]
[TimeControl "180+1"]
[EndTime "12:39:21 PDT"]
[Termination "cfjohansson won by resignation"]

1. d4 Nf6 2. c4 e6 3. Nc3 d5 4. Bg5 Be7 5. e3 h6 6. Bh4 O-O 7. Nf3 Ne4 8. Bxe7 Qxe7 9. Rc1 c6 10. h4 Nd7 11. g4 e5 12. cxd5 Nxc3 13. Rxc3 cxd5 14. g5 Re8 15. gxh6 g6 16. Ng5 exd4 17.
h7+ Kg7 18. Qxd4+ Qe5 19. Qxe5+ Nxe5 20. Rc7 Be6 21. f4 Ng4 22. Bb5 Rac8 23. Nxe6+ Kxh7 24. Bxe8 Rxe8 25. Rxf7+ Kg8 26. Rf8+ Rxf8 27. Nxf8 Kxf8 28. Ke2 Nf6 29. Kd3 1-0

[Event "*** Titled Tuesday Blitz"]
[Site "Chess.com"]
[Date "2020.05.19"]
[Round "4"]
[White "FairChess_on_YouTube"]
[Black "zaur-mammadov"]
[Result "1-0"]
[WhiteElo "3017"]
[BlackElo "2546"]
[TimeControl "180+1"]
[EndTime "12:39:22 PDT"]
[Termination "FairChess_on_YouTube won by resignation"]

1. e4 e6 2. d4 d5 3. Nc3 Nf6 4. e5 Nfd7 5. f4 c5 6. Nf3 Nc6 7. Be3 Qb6 8. Na4 Qa5+ 9. c3 b6 10. Bd2 c4 11. b4 Nxb4 12. cxb4 Bxb4 13. Qc2 Bxd2+ 14. Nxd2 b5 15. Nc5 Nxc5 16. dxc5 b4 17. Bxc4 dxc4 18. Nxc4 b3+ 19. Qd2 Qxd2+ 20. Kxd2 bxa2 21.
Nd6+ Ke7 22. Rxa2 Bd7 23. Rha1 Rac8 24. Nxc8+ Rxc8 25. Rxa7 Rxc5 26. Rd1 Rd5+ 27. Ke1 f6 28. exf6+ gxf6 29. Rxd5 exd5 30. Kd2 Kd6 31. Ke3 Bf5 32. Kd4 Be4 33. g4 Ke6 34. f5+ 1-0

[Event "*** Titled Tuesday Blitz"]
[Site "Chess.com"]
[Date "2020.05.19"]
[Round "4"]
[White "GlennTipton"]
[Black "Mikhail_Biryukov"]
[Result "0-1"]
[WhiteElo "2475"]
[BlackElo "2655"]
[TimeControl "180+1"]
[EndTime "12:39:22 PDT"]
[Termination "Mikhail_Biryukov won by resignation"]

1. e4 c5 2. Nc3 e6 3. f4 Nc6 4. Nf3 a6 5. g3 g6 6. d4 cxd4 7.
Nxd4 Nge7 8. Be3 Bg7 9. Bg2 O-O 10. O-O d5 11. exd5 exd5 12. Nxc6 bxc6 13. Bd4 Rb8 14.
Bxg7 Kxg7 15. b3 Qb6+ 16. Kh1 Nf5 17. Na4 Qa7 18. Qd2 Ne3 19. Qf2 d4 20. Rfe1 Bf5 21. c4 Nc2 22. g4 Nxe1 23. gxf5 Nxg2 24. Qxg2 Qe7 25. Qf2 Rbd8 26. Rd1 Qe4+ 27. Kg1 d3 28. f6+ Kh8 29. Nc5 Qf5 30. Qe3 Qg4+ 0-1

[Event "*** Titled Tuesday Blitz"]
[Site "Chess.com"]
[Date "2020.05.19"]
[Round "4"]
[White "vovachesss"]
[Black "noblerone"]
[Result "1-0"]
[WhiteElo "2621"]
[BlackElo "2457"]
[TimeControl "180+1"]
[EndTime "12:39:22 PDT"]
[Termination "vovachesss won by resignation"]

1. e4 c5 2. c3 d5 3. exd5 Qxd5 4.
d4 cxd4 5. cxd4 Nc6 6. Nf3 e5 7. Nc3 Bb4 8. Be3 exd4 9. Nxd4 Nf6 10. Nxc6 Qxc6 11. Qb3 Bxc3+ 12. Qxc3 Qxc3+ 13. bxc3 Bd7 14. Bd4 Bc6 15. f3 O-O 16. Kf2 Nd5 17. Bc4 Nf4 18.
Rhe1 a6 19. Rad1 Rac8 20. Bb3 Rfe8 21. Be5 Ne6 22. Rd6 Nc5 23. Bc2 Rcd8 24. Red1 Rxd6 25. Bxd6 Ne6 26. Bb3 h6 27. h4 Rd8 28. g4 Rc8 29. f4 Bb5 30. f5 Nc5 31. Bxc5 Rxc5 32.
Rd8+ Kh7 33. Bxf7 1-0

[Event "*** Titled Tuesday Blitz"]
[Site "Chess.com"]
[Date "2020.05.19"]
[Round "4"]
[White "kleopl"]
[Black "Quiet_Desperation"]
[Result "1-0"]
[WhiteElo "2373"]
[BlackElo "2077"]
[TimeControl "180+1"]
[EndTime "12:39:22 PDT"]
[Termination "kleopl won by resignation"]

1. c4 Nf6 2. Nc3 e6 3. Nf3 d5 4. d4 Be7 5. cxd5 Nxd5 6. e4 Nxc3 7. bxc3 c5 8. Be2 O-O 9. O-O Nc6 10. Be3 cxd4 11.
cxd4 b6 12. Rc1 Bb7 13. Qa4 Na5 14. Nd2 Bf6 15. f3 Bg5 16. Qa3 Bxe3+ 17. Qxe3 Qe7 18. Rfd1 Rac8 19. Nf1 Qb4 20. Ng3 Qb2 21. Rxc8 Rxc8 22.
Rd2 Rc2 23. Rxc2 Qxc2 24. Qg5 f6 25. Qb5 Bc6 26. Qa6 h5 27. Nxh5 Qd2 28. d5 exd5 29.
Qxa7 Qg5 30. Qxb6 Qxh5 31. Qxa5 dxe4 32. Qxh5 1-0

[Event "*** Titled Tuesday Blitz"]
[Site "Chess.com"]
[Date "2020.05.19"]
[Round "4"]
[White "WildBizon"]
[Black "LogoCzar"]
[Result "1-0"]
[WhiteElo "2616"]
[BlackElo "2448"]
[TimeControl "180+1"]
[EndTime "12:39:24 PDT"]
[Termination "WildBizon won by resignation"]

1. e4 e5 2. Nf3 Nc6 3. Bb5 Nf6 4.
O-O Nxe4 5. Re1 Nd6 6. Nxe5 Be7 7. Bf1 Nxe5 8. Rxe5 O-O 9. d4 Ne8 10. d5 Bc5 11. Re1 d6 12. Qf3 Qf6 13. Nd2 Bf5 14. c3 Qg6 15. Ne4 Bxe4 16. Rxe4 Nf6 17. Re2 Rae8 18. Bf4 Rxe2 19. Bxe2 Qe4 20. b4 Bb6 21. Rd1 Re8 22. Kf1 Qc2 23. Bb5 Re4 24. Bd3 Qxd1+ 25. Qxd1 Rxf4 26. f3 Nxd5 27. Bxh7+ Kxh7 28. Qxd5 Kg6 29. Ke2 Rf5 30. Qxb7 Re5+ 31. Kd2 Rg5 32. g3 Re5 33. f4 Rh5 34. h4 Rb5 35. Qe4+ Kf6 36. a4 Rf5 37. g4 1-0

[Event "*** Titled Tuesday Blitz"]
[Site "Chess.com"]
[Date "2020.05.19"]
[Round "4"]
[White "djamir"]
[Black "pichonazo"]
[Result "1-0"]
[WhiteElo "2728"]
[BlackElo "2499"]
[TimeControl "180+1"]
[EndTime "12:39:25 PDT"]
[Termination "djamir won by resignation"]

1. d4 Nf6 2. Bf4 g6 3. Nc3 d5 4. Qd2 Bg7 5. O-O-O O-O 6. Bh6 Bf5 7. f3 c5 8. Bxg7 Kxg7 9. g4 Be6 10. e3 cxd4 11.
exd4 Nc6 12. h4 h5 13. gxh5 Nxh5 14. Nge2 Qb6 15. Nf4 Rh8 16. Nxe6+ fxe6 17. Bh3 Na5 18. Qe1 Raf8 19. Bxe6 Rxf3 20. Bxd5 Rf4 21. Qxe7+ Kh6 22.
Rhg1 Qf6 23. Qc7 Nc6 24. Be4 Rg8 25. Nd5 Qxh4 26. Rh1 Qg5 27. Qxf4 1-0

[Event "*** Titled Tuesday Blitz"]
[Site "Chess.com"]
[Date "2020.05.19"]
[Round "4"]
[White "politeplayer"]
[Black "pedro_nascimento85"]
[Result "1-0"]
[WhiteElo "2202"]
[BlackElo "1728"]
[TimeControl "180+1"]
[EndTime "12:39:25 PDT"]
[Termination "politeplayer won by resignation"]

1. d4 d5 2. Nf3 Nf6 3. e3 e6 4. Bd3 Be7 5. O-O O-O 6. c3 b6 7. Nbd2 Ba6 8. Bxa6 Nxa6 9. Qe2 Qc8 10. e4 dxe4 11. Nxe4 c5 12. Nxf6+ Bxf6 13. Bg5 Bd8 14. Rad1 cxd4 15. Rxd4 Nc5 16. Rfd1 Bxg5 17. Nxg5 h6 18. Nf3 Qc6 19. Ne5 Qc7 20. Qh5 g6 21. Rg4 Rad8 22.
Rf1 Kh7 23. Nxg6 fxg6 24. Qxg6+ Kh8 25. Rh4 Rf7 26. Rxh6+ Rh7 27. Rxh7+ Qxh7 28. Qf6+ Qg7 29. Qxd8+ Kh7 30. Qh4+ Qh6 31. Qxh6+ Kxh6 32. Rd1 1-0

[Event "*** Titled Tuesday Blitz"]
[Site "Chess.com"]
[Date "2020.05.19"]
[Round "4"]
[White "KafkaesqueKnight"]
[Black "tsvet2005"]
[Result "0-1"]
[WhiteElo "2156"]
[BlackElo "2507"]
[TimeControl "180+1"]
[EndTime "12:39:27 PDT"]
[Termination "tsvet2005 won by resignation"]

1. d4 d5 2. c4 e6 3. Nc3 c6 4.
Nf3 Nf6 5. Bg5 h6 6. Bxf6 Qxf6 7. e3 Nd7 8. Qb3 g6 9. Be2 Bg7 10. O-O O-O 11. e4 dxc4 12. Qxc4 Qe7 13. e5 Nb6 14.
Qb3 c5 15. Qa3 Re8 16. Rad1 cxd4 17. Qxe7 Rxe7 18. Rxd4 Bd7 19. Bb5 a6 20. Bxd7 Nxd7 21. Re1 Rc8 22. Rb4 Rc7 23. a4 Nc5 24. Rd1 Red7 25.
Rbd4 Rxd4 26. Rxd4 Rd7 27. Rc4 Nd3 28. Rc8+ Kh7 29.
Rc4 Nxb2 30. Rc8 Nxa4 0-1

[Event "*** Titled Tuesday Blitz"]
[Site "Chess.com"]
[Date "2020.05.19"]
[Round "4"]
[White "Harsha_Bharathakoti"]
[Black "CrushingKings"]
[Result "1-0"]
[WhiteElo "2750"]
[BlackElo "2504"]
[TimeControl "180+1"]
[EndTime "12:39:28 PDT"]
[Termination "Harsha_Bharathakoti won by resignation"]

1. e4 c6 2. Nc3 g6 3. Nf3 Bg7 4. d4 d5 5. Be2 Nh6 6. O-O O-O 7. h3 f6 8. Re1 Nf7 9. Bf1 a6 10. a4 a5 11. Bf4 Re8 12. Bh2 Na6 13. Qd2 Nb4 14. exd5 cxd5 15. Nb5 e5 16. dxe5 fxe5 17.
Rad1 Bf5 18. c3 Nc2 19. Re2 Bh6 20. Qxd5 Qb6 21. Qb3 Rad8 22. Rxd8 Qxd8 23. Nxe5 Re7 24. Nxf7 Rxf7 25. Nd6 Qf6 26. Nxf7 Qxf7 27. Re8+ Kg7 28.
Be5+ 1-0

[Event "*** Titled Tuesday Blitz"]
[Site "Chess.com"]
[Date "2020.05.19"]
[Round "4"]
[White "viviania"]
[Black "Norival"]
[Result "1-0"]
[WhiteElo "2935"]
[BlackElo "2674"]
[TimeControl "180+1"]
[EndTime "12:39:30 PDT"]
[Termination "viviania won by resignation"]

1. e4 e5 2. Nf3 Nc6 3. d4 exd4 4. c3 dxc3 5. Nxc3 d6 6. Bc4 Be6 7. Bxe6 fxe6 8. Qb3 Qc8 9. Ng5 Nd8 10. f4 Be7 11. O-O Bxg5 12. Qb5+ Qd7 13. Qxg5 Qf7 14. Be3 Ne7 15. f5 O-O 16. f6 Ng6 17. fxg7 Qxg7 18.
Rxf8+ Nxf8 19. Qb5 a6 20. Qb3 Ng6 21. Rf1 Rc8 22.
Ne2 c5 23. Ng3 Qe5 24. Bh6 b5 25. Qf3 Nc6 26. Qf7+ Kh8 27. Nh5 Rg8 28. Nf6 1-0

[Event "*** Titled Tuesday Blitz"]
[Site "Chess.com"]
[Date "2020.05.19"]
[Round "4"]
[White "Nathan_Filgueiras"]
[Black "Ana_Berke"]
[Result "1-0"]
[WhiteElo "2329"]
[BlackElo "2100"]
[TimeControl "180+1"]
[EndTime "12:39:33 PDT"]
[Termination "Nathan_Filgueiras won by resignation"]

1. e4 c5 2. Nf3 d6 3. d4 cxd4 4. Nxd4 Nf6 5. Nc3 Nc6 6. Bg5 Bd7 7. Qd2 Rc8 8. O-O-O Nxd4 9. Qxd4 Qa5 10. Bxf6 gxf6 11. Kb1 Qc5 12. Qxc5 Rxc5 13. f4 h5 14. Be2 h4 15. g4 b5 16. h3 b4 17. Nd5 a5 18.
Rhf1 Be6 19. Ne3 Bh6 20. b3 Bd7 21. Bc4 Kf8 22. Nd5 Be6 23. Ne3 Bd7 24. Rd5 Rxd5 25. Bxd5 e6 26. Bc4 Ke7 27. Ng2 Bg7 28. f5 Bc6 29.
Bd3 Bh6 30. fxe6 fxe6 31. Nxh4 Kf7 32. Nf3 Be3 33. h4 f5 34. exf5 exf5 35. Bxf5 Ke7 36. Re1 Bxf3 37. Rxe3+ Kf6 38. Rxf3 Rxh4 39. Kb2 1-0

[Event "*** Titled Tuesday Blitz"]
[Site "Chess.com"]
[Date "2020.05.19"]
[Round "4"]
[White "Koksik_13"]
[Black "RianKapriaga"]
[Result "0-1"]
[WhiteElo "2520"]
[BlackElo "2221"]
[TimeControl "180+1"]
[EndTime "12:39:34 PDT"]
[Termination "RianKapriaga won by resignation"]

1. e4 e5 2. Nf3 Nc6 3. Nc3 Nf6 4. d4 exd4 5. Nxd4 Bc5 6. Nb3 Bb6 7. Qe2 d6 8. Be3 O-O 9. O-O-O Be6 10. h3 Re8 11. f4 Bxb3 12. axb3 Nxe4 13. Nd5 Ng3 14. Qf3 Bxe3+ 15. Nxe3 Nxh1 16. Bd3 Qe7 17. Nf5 Qf6 18. Rxh1 Nb4 19. g4 Nxd3+ 20. cxd3 Qe6 21. h4 Qxb3 22. h5 c6 23. g5 Qd5 24. Qh3 Re2 25. Kd1 Rae8 26. d4 Qa2 27. Qc3 Qa1+ 28. Qc1 Re1+ 0-1

[Event "*** Titled Tuesday Blitz"]
[Site "Chess.com"]
[Date "2020.05.19"]
[Round "4"]
[White "PowerThinking2650"]
[Black "NormWeinstein"]
[Result "1-0"]
[WhiteElo "2296"]
[BlackElo "2440"]
[TimeControl "180+1"]
[EndTime "12:39:34 PDT"]
[Termination "PowerThinking2650 won by resignation"]

1. e4 c5 2. Nf3 d6 3. d4 Nf6 4. Nc3 cxd4 5. Nxd4 Nc6 6. Bc4 Qb6 7. Ndb5 a6 8. Be3 Qa5 9. Nd4 e6 10. O-O Be7 11.
Nb3 Qc7 12. Be2 b5 13. a3 Bb7 14. f4 O-O 15. Qe1 Rac8 16. Qg3 Na5 17. Nxa5 Qxa5 18. Bd3 g6 19. f5 Qc7 20. Bh6 Rfe8 21. fxe6 fxe6 22. e5 Qc5+ 23. Kh1 Qxe5 24. Qh3 Bf8 25.
Bxf8 Rxf8 26. Rae1 Qh5 27. Qxe6+ Kg7 28. Qxd6 Rf7 29.
Re7 Rf8 30. Qxf6+ Kg8 31. Rxf7 1-0

[Event "*** Titled Tuesday Blitz"]
[Site "Chess.com"]
[Date "2020.05.19"]
[Round "4"]
[White "PredragNikac"]
[Black "WhiteCapital80"]
[Result "1-0"]
[WhiteElo "2284"]
[BlackElo "2433"]
[TimeControl "180+1"]
[EndTime "12:39:34 PDT"]
[Termination "PredragNikac won by resignation"]

1. d4 e6 2. Bf4 Nf6 3. e3 c5 4.
Nf3 Nc6 5. c3 Nh5 6. Bg3 b6 7.
Nbd2 Bb7 8. Bd3 Be7 9. a3 d5 10.
b4 Nxg3 11. hxg3 h6 12. b5 Na5 13. Ne5 Bf6 14. Qh5 Bxe5 15. Qxe5 Qf6 16. Qxf6 gxf6 17. g4 Kf8 18. Rh5 Kg7 19. Ke2 Rac8 20. Rah1 Rce8 21. f4 Bc8 22. R1h4 Nb7 23. Nf3 Nd6 24.
a4 cxd4 25. cxd4 Bb7 26. g5 hxg5 27. Rh7+ Rxh7 28. Rxh7+ Kg8 29. fxg5 Ne4 30. g6 Re7 31. Nd2 Nc3+ 32. Ke1 f5 33. Nf3 Kf8 34. Ne5 f6 35.
Rxe7 Kxe7 36. g7 1-0

[Event "*** Titled Tuesday Blitz"]
[Site "Chess.com"]
[Date "2020.05.19"]
[Round "4"]
[White "carvillshill"]
[Black "Guenplen"]
[Result "1-0"]
[WhiteElo "2561"]
[BlackElo "2967"]
[TimeControl "180+1"]
[EndTime "12:39:35 PDT"]
[Termination "carvillshill won by resignation"]

1. d4 d5 2. c4 e6 3. Nf3 Nf6 4. g3 Be7 5. Bg2 O-O 6. Nbd2 b6 7. O-O c6 8. b3 Nbd7 9. Bb2 Bb7 10. Qc2 c5 11. cxd5 exd5 12. Rad1 Rc8 13. dxc5 bxc5 14. Ne5 Nxe5 15. Bxe5 Qb6 16. e4 Ng4 17. Ba1 c4 18.
exd5 c3 19. Nc4 Qh6 20. h3 Nf6 21. d6 Bxg2 22. Kxg2 Bd8 23. Bxc3 Nd7 24. Qf5 Nb6 25. d7 Rc6 26. Bb4 Rf6 27. Qe4 Re6 28. Qd3 g6 29.
Bxf8 Qxf8 30. Rfe1 Qc5 31. Rxe6 fxe6 32. Qe4 Kf7 33.
Ne5+ Kg7 34. Nc6 1-0

[Event "*** Titled Tuesday Blitz"]
[Site "Chess.com"]
[Date "2020.05.19"]
[Round "4"]
[White "Popopuiyt"]
[Black "ChessMavenYeti"]
[Result "1/2-1/2"]
[WhiteElo "2364"]
[BlackElo "2095"]
[TimeControl "180+1"]
[EndTime "12:39:35 PDT"]
[Termination "Game drawn by repetition"]

1. d4 e6 2. c4 Nf6 3. Nc3 Bb4 4. f3 c5 5. d5 d6 6. e4 b5 7. Bd2 bxc4 8. Bxc4 Qe7 9. Nge2 e5 10. O-O O-O 11. Kh1 Nbd7 12. g4 Nb6 13. Bb5 a6 14. Bc6 Rb8 15. Ng3 Nc4 16. Bc1 Bxc3 17. bxc3 Rd8 18. Qe2 Na5 19. Ba4 Kh8 20. Rg1 Nd7 21.
Nf5 Qf8 22. g5 Nb6 23. Bc2 Bxf5 24. exf5 Nxd5 25. g6 fxg6 26. fxg6 Nf4 27. Bxf4 Qxf4 28. gxh7 Rb2 29. Rg4 Qf6 30. Rag1 Rd7 31. Qxa6 Qxf3+ 32. R4g2 Rxc2 33. Qc8+ Kxh7 34. Qxd7 Rxg2 35. Rxg2 Qf1+ 36.
Rg1 Qf3+ 37. Rg2 Qf1+ 38. Rg1 Qf3+ 39. Rg2 1/2-1/2

[Event "*** Titled Tuesday Blitz"]
[Site "Chess.com"]
[Date "2020.05.19"]
[Round "4"]
[White "joppie2"]
[Black "Szparu"]
[Result "0-1"]
[WhiteElo "2881"]
[BlackElo "2549"]
[TimeControl "180+1"]
[EndTime "12:39:37 PDT"]
[Termination "Szparu won by resignation"]

1. e4 c5 2. Nf3 d6 3. d4 cxd4 4. Nxd4 Nf6 5. Nc3 Nc6 6. h3 g6 7. Be3 Bg7 8. g4 O-O 9. Qd2 Nxd4 10. Bxd4 Qa5 11. Bg2 Be6 12. O-O Bc4 13. Rfe1 Rfd8 14.
g5 Ne8 15. Bxg7 Nxg7 16. Qd4 Rac8 17. Nd5 Bxd5 18. exd5 Nf5 19. Qd3 Qb4 20. Rab1 Qh4 21. Qd2 Rc4 22. c3 Rf4 23. Re2 Qxg5 24. Kh1 Nh4 25. Rg1 Qf5 26. Qe3 Rf3 27. Qxf3 Nxf3 28.
Rd1 Nh4 29. Rd4 Nxg2 30. Kxg2 Qf6 31. Rde4 Rd7 32. R2e3 Rc7 33. Rf3 Qg7 34. Rfe3 Kf8 35.
a4 h5 36. a5 Qf6 37. h4 Qf5 38. Rd4 Rc5 39. Rde4 Rxd5 40. Rxe7 Qg4+ 41. Kh2 Qxh4+ 42. Kg2 Qxe7 0-1

[Event "*** Titled Tuesday Blitz"]
[Site "Chess.com"]
[Date "2020.05.19"]
[Round "4"]
[White "ASVZ"]
[Black "Spartakus1975"]
[Result "0-1"]
[WhiteElo "2388"]
[BlackElo "2683"]
[TimeControl "180+1"]
[EndTime "12:39:40 PDT"]
[Termination "Spartakus1975 won by resignation"]

1. e4 e6 2. d4 d5 3. e5 c5 4. c3 Qb6 5. Nf3 Nc6 6. a3 Nh6 7. b4 cxd4 8. cxd4 Nf5 9. Be3 f6 10. Bd3 Nxe3 11. fxe3 fxe5 12. b5 Nxd4 13. exd4 e4 14.
Bxe4 dxe4 15. Ne5 g6 16. Nc3 Bg7 17. Nxe4 O-O 18. Qd3 Rd8 19. Qf3 Qxd4 20. Nf6+ Bxf6 21. Qxf6 Qe3+ 22. Kf1 Rf8 23. Qxf8+ Kxf8 24. Re1 Qf4+ 25. Kg1 Qd4+ 26. Kf1 Bd7 27. h4 Bxb5+ 0-1

[Event "*** Titled Tuesday Blitz"]
[Site "Chess.com"]
[Date "2020.05.19"]
[Round "4"]
[White "Mr_Sinigami"]
[Black "ErikBlomqvist"]
[Result "1-0"]
[WhiteElo "2593"]
[BlackElo "2353"]
[TimeControl "180+1"]
[EndTime "12:39:40 PDT"]
[Termination "Mr_Sinigami won on time"]

1. Nf3 c5 2. c4 Nf6 3. Nc3 e6 4. e3 d5 5. cxd5 exd5 6. b3 Nc6 7. Bb2 Bd6 8. d4 cxd4 9. Nxd4 O-O 10. Be2 Re8 11.
O-O Nxd4 12. Qxd4 Be5 13. Qd3 d4 14. Na4 Bg4 15. Bxg4 Bxh2+ 16. Kxh2 Nxg4+ 17. Kh3 Qg5 18. Qxd4 Qh5+ 19. Kg3 Nf6 20. f3 Rad8 21. Qh4 Qg6+ 22. Kh2 Rd2 23. Rf2 1-0

[Event "*** Titled Tuesday Blitz"]
[Site "Chess.com"]
[Date "2020.05.19"]
[Round "4"]
[White "ama18"]
[Black "Lagmantr"]
[Result "0-1"]
[WhiteElo "2490"]
[BlackElo "2682"]
[TimeControl "180+1"]
[EndTime "12:39:41 PDT"]
[Termination "Lagmantr won by resignation"]

1. e4 c6 2. Nc3 d5 3. Nf3 dxe4 4. Nxe4 Nf6 5. Qe2 Nxe4 6. Qxe4 g6 7. d4 Bg7 8. c3 O-O 9. Qh4 Re8 10. Bc4 e5 11.
Ng5 exd4+ 12. Kf1 dxc3 13. Bxf7+ Kf8 14. Be3 Qd3+ 15. Kg1 Rxe3 16. fxe3 Qxe3+ 17. Qf2 Bd4 18. Nxh7+ Kg7 19. Qxe3 Bxe3+ 20. Kf1 cxb2 21. Rb1 Bc1 22. Be6 Bxe6 0-1

[Event "*** Titled Tuesday Blitz"]
[Site "Chess.com"]
[Date "2020.05.19"]
[Round "4"]
[White "IIIlllII1llIl"]
[Black "TigranMukhutdinov"]
[Result "1-0"]
[WhiteElo "2636"]
[BlackElo "2463"]
[TimeControl "180+1"]
[EndTime "12:39:42 PDT"]
[Termination "IIIlllII1llIl won by resignation"]

1. e4 c5 2. c3 Nf6 3. e5 Nd5 4. Nf3 Nc6 5. Bc4 Nb6 6. Bb3 c4 7. Bc2 d6 8. exd6 Qxd6 9. Na3 Bg4 10. Qe2 e6 11. Nxc4 Nxc4 12. Qxc4 Bxf3 13. gxf3 Be7 14. d4 O-O 15. Be3 Rac8 16. O-O-O a6 17. d5 exd5 18. Rxd5 Qf6 19. Qg4 g6 20. h4 Ne5 21. Qe4 Nxf3 22.
h5 Ba3 23. hxg6 Bxb2+ 24. Kxb2 Qxc3+ 25. Kb1 fxg6 26. Rd7 Rfe8 27. Qd5+ 1-0

[Event "*** Titled Tuesday Blitz"]
[Site "Chess.com"]
[Date "2020.05.19"]
[Round "4"]
[White "savagemedusa"]
[Black "Nikithebest"]
[Result "0-1"]
[WhiteElo "2258"]
[BlackElo "2448"]
[TimeControl "180+1"]
[EndTime "12:39:42 PDT"]
[Termination "Nikithebest won by resignation"]

1. d4 Nf6 2. c4 c5 3. d5 b5 4. cxb5 a6 5. bxa6 g6 6. Nc3 Bg7 7. e4 O-O 8. Bd3 Qa5 9. Ne2 Bxa6 10. O-O e6 11. Bf4 c4 12. Bc2 exd5 13. exd5 Bb7 14. Bd6 Re8 15. Nf4 Na6 16. a3 Nc7 17. Bb4 Qa6 18.
d6 Qc6 19. f3 Na6 20. Ne4 Nxb4 21. Nxf6+ Bxf6 22. axb4 Bxb2 23. Rxa8 Rxa8 24. Be4 Qb6+ 25.
Kh1 Ra1 26. Qe2 Rxf1+ 27. Qxf1 Bxe4 28. fxe4 Qxb4 29. Qd1 Qb3 30. Qf1 c3 31. Nd5 c2 32.
Ne7+ Kg7 33. e5 c1=Q 34. Qxc1 Bxc1 0-1

[Event "*** Titled Tuesday Blitz"]
[Site "Chess.com"]
[Date "2020.05.19"]
[Round "4"]
[White "heartofatiger"]
[Black "allvim"]
[Result "1-0"]
[WhiteElo "2451"]
[BlackElo "2269"]
[TimeControl "180+1"]
[EndTime "12:39:44 PDT"]
[Termination "heartofatiger won by resignation"]

1. d3 d5 2. g3 Nf6 3. f4 e6 4.
Bg2 h5 5. Nf3 c5 6. Nbd2 Nc6 7. e4 dxe4 8. dxe4 Nd4 9. e5 Nxf3+ 10. Qxf3 Nd5 11. Ne4 h4 12. c3 hxg3 13. hxg3 Rxh1+ 14.
Bxh1 Bd7 15. Bd2 Bc6 16. Qh5 Qc7 17. Ng5 g6 18. Qh7 O-O-O 19. Qxf7 Qxf7 20. Nxf7 Re8 21. O-O-O Be7 22. c4 Nb6 23. Bxc6 bxc6 24. b3 Rf8 25. Nh6 Rh8 26. Ng4 Rh3 27. Rg1 a5 28. a4 Nd7 29.
Bxa5 g5 30. Bd2 gxf4 31. Bxf4 Nf8 32. Rg2 Ng6 33. Kc2 Rh1 34. Nf2 Rf1 35. Nd3 Kc7 36. Be3 Ra1 37. Kb2 Rd1 38. Kc2 Ra1 39. Bc1 Bf8 40. Kb2 Rxc1 41. Kxc1 Bg7 42. Re2 Bh6+ 43. Kc2 1-0

[Event "*** Titled Tuesday Blitz"]
[Site "Chess.com"]
[Date "2020.05.19"]
[Round "4"]
[White "Enriquack"]
[Black "Charlottemillard17"]
[Result "1-0"]
[WhiteElo "2304"]
[BlackElo "1418"]
[TimeControl "180+1"]
[EndTime "12:39:44 PDT"]
[Termination "Enriquack won by checkmate"]

1. e4 e5 2. Nf3 Nc6 3. Bb5 a6 4. Ba4 Bc5 5. O-O b5 6. Bb3 Nf6 7. c3 h6 8. d4 exd4 9. cxd4 Bb4 10.
e5 Nh7 11. d5 Na5 12. Bc2 O-O 13. a3 Be7 14. Qd3 g6 15. Bxh6 Re8 16. Nc3 Bg5 17. Nxg5 Nxg5 18. Qg3 f6 19. exf6 Qxf6 20. Bxg5 Qd6 21.
Bf4 Qf6 22. Bxg6 Kg7 23. Bxe8+ Kf8 24. Rfe1 d6 25. Bg5 Qf5 26. Qh4 Qxd5 27. Nxd5 Bb7 28. Qh8# 1-0

[Event "*** Titled Tuesday Blitz"]
[Site "Chess.com"]
[Date "2020.05.19"]
[Round "4"]
[White "fridaywins"]
[Black "colegiodemadrid"]
[Result "0-1"]
[WhiteElo "2241"]
[BlackElo "2372"]
[TimeControl "180+1"]
[EndTime "12:39:44 PDT"]
[Termination "colegiodemadrid won on time"]

1. e4 e5 2. Nf3 Nc6 3. Bb5 g6 4. d4 exd4 5. Bg5 Be7 6. h4 Bb4+ 7. Kf1 f6 8. Bf4 Qe7 9. Bxc6 dxc6 10. e5 Bg4 11.
exf6 Nxf6 12. a3 Bc5 13. Nbd2 O-O-O 14. b4 Bb6 15. Nc4 Rhf8 16. Qd3 Bf5 17. Nxb6+ axb6 18.
Qd1 Qe4 19. Bg5 Qxc2 20. Qxc2 Bxc2 21. Ke2 d3+ 22. Kd2 Ne4+ 23. Ke3 Nxg5 24. hxg5 Rde8+ 25. Kd2 Re2+ 26. Kc3 Rxf2 27. Rag1 Ba4 28. Rxh7 Rd8 29. Nd2 Rf5 0-1

[Event "*** Titled Tuesday Blitz"]
[Site "Chess.com"]
[Date "2020.05.19"]
[Round "4"]
[White "GMALMEIDA"]
[Black "kingofthenil"]
[Result "1-0"]
[WhiteElo "2684"]
[BlackElo "2490"]
[TimeControl "180+1"]
[EndTime "12:39:45 PDT"]
[Termination "GMALMEIDA won on time"]

1. d4 Nf6 2. c4 c5 3. d5 e6 4. Nc3 exd5 5. cxd5 d6 6. e4 g6 7. Nf3 Bg7 8. h3 Nbd7 9. Bd3 a6 10. a4 Nh5 11.
O-O Ne5 12. Be2 Nxf3+ 13. Bxf3 Qh4 14. Bg4 Be5 15. Bxc8 Rxc8 16. Qg4 Qxg4 17. hxg4 Nf6 18. f3 h5 19. g5 Bd4+ 20. Kh2 Nd7 21. Ne2 Ne5 22.
Bf4 Kd7 23. Rfd1 Bf2 24. Rac1 b5 25. b3 bxa4 26. bxa4 Rb8 27. Rb1 Kc7 28. g3 Bd4 29. Rxb8 Rxb8 30. Kg2 Rb2 31. Rd2 Rxd2 32. Bxd2 Nc4 33.
Be1 Nb2 34. a5 1-0

[Event "*** Titled Tuesday Blitz"]
[Site "Chess.com"]
[Date "2020.05.19"]
[Round "4"]
[White "Mikasinski"]
[Black "TregubovP"]
[Result "0-1"]
[WhiteElo "2348"]
[BlackElo "2559"]
[TimeControl "180+1"]
[EndTime "12:39:45 PDT"]
[Termination "TregubovP won by checkmate"]

1. e4 e6 2. d4 d5 3. Nc3 Bb4 4. e5 c5 5. a3 Ba5 6. Bd2 Nc6 7.
Nb5 Nxd4 8. b4 Bc7 9. Nxd4 cxd4 10. Nf3 Ne7 11. Bf4 Ng6 12. Bg3 O-O 13. Qxd4 f6 14.
exf6 e5 15. Qd2 Qxf6 16. Qxd5+ Be6 17. Qe4 Bf5 18. Qc4+ Rf7 19. Rd1 e4 20. Nd4 Bxg3 21. hxg3 Rc8 22. Qb3 Be6 23. Qe3 Rc3 24. Qd2 Bd5 25. Rh5 e3 26. fxe3 Qxf1# 0-1

[Event "*** Titled Tuesday Blitz"]
[Site "Chess.com"]
[Date "2020.05.19"]
[Round "4"]
[White "Ashedu66"]
[Black "Sergey85Rodchenkov"]
[Result "0-1"]
[WhiteElo "2142"]
[BlackElo "2506"]
[TimeControl "180+1"]
[EndTime "12:39:45 PDT"]
[Termination "Sergey85Rodchenkov won by checkmate"]

1. d4 Nf6 2. Nf3 b6 3. c4 Bb7 4. e3 e6 5. a3 d5 6. Nc3 Bd6 7.
b4 c5 8. bxc5 bxc5 9. Bb2 O-O 10.
cxd5 exd5 11. Bd3 c4 12. Bc2 Nbd7 13. O-O Rb8 14. Rb1 Ba8 15. Qe2 Re8 16. Ba4 Qa5 17.
Qc2 Red8 18. Bxd7 Rxd7 19. Ne5 Re7 20. f4 Rb3 21. g4 Qb6 22. Na4 Qd8 23. Bc3 Reb7 24.
Nc5 Bxc5 25. dxc5 Ne4 26. Bd4 f6 27. Nxc4 Rxb1 28. Rxb1 Rxb1+ 29. Qxb1 dxc4 30. Qb4 Bd5 31.
g5 fxg5 32. c6 Bxc6 33. Qxc4+ Qd5 34. Qb4 Nf6 35. Qb8+ Kf7 36. Qc8 Qg2# 0-1

[Event "*** Titled Tuesday Blitz"]
[Site "Chess.com"]
[Date "2020.05.19"]
[Round "4"]
[White "White_Ghost"]
[Black "barbara25"]
[Result "1-0"]
[WhiteElo "2437"]
[BlackElo "2185"]
[TimeControl "180+1"]
[EndTime "12:39:45 PDT"]
[Termination "White_Ghost won by resignation"]

1. d4 Nf6 2. c4 e6 3. Nf3 d5 4. g3 c6 5. Bg2 Be7 6. O-O O-O 7. Qc2 b6 8. Rd1 Bb7 9. b3 Nbd7 10. Nc3 Rc8 11.
e4 dxe4 12. Ng5 c5 13. Ngxe4 cxd4 14. Rxd4 Bxe4 15. Nxe4 Qe8 16. Bb2 Nxe4 17. Bxe4 Nf6 18.
Bg2 Rd8 19. Rad1 Rxd4 20. Rxd4 Qc8 21. Qd2 Rd8 22. Rxd8+ Qxd8 23. Qxd8+ Bxd8 24. Kf1 Kf8 25. Ke2 Ke7 26. h3 g6 27. Kd3 Nd7 28. Bd4 Kd6 29.
b4 e5 30. Be3 f5 31. Bd5 e4+ 32.
Kc3 Bf6+ 33. Bd4 Be5 34. a4 a5 35. Bxe5+ Kxe5 36. Bc6 Nb8 37. Bb5 g5 38. c5 bxc5 39. bxa5 f4 40. gxf4+ gxf4 41. a6 Nxa6 42. Bxa6 Kd6 43.
Bf1 Kd5 44. a5 Kc6 45. Kc4 h6 46. Bg2 f3 47. Bf1 h5 48. h4 1-0